 Dungeon Crawl Stone Soup version 0.25.1-2-g60ff931df9 (webtiles) character file.

Game seed: 7372017692278816579

198 Chiseanne the Magician (level 5, 0/35 HPs)
             Began as a Demonspawn Wizard on Oct 7, 2020.
             Was an Initiate of Vehumet.
             Slain by a gnoll
             ... wielding a +0 spear
              (5 damage)
             ... on level 4 of the Dungeon.
             The game lasted 00:08:21 (4268 turns).

Chiseanne the Magician (Demonspawn Wizard)          Turns: 4268, Time: 00:08:22

Health: 0/35       AC:  4    Str:  7    XL:     5   Next: 47%
Magic:  6/11       EV: 13    Int: 20    God:    Vehumet [......]
Gold:   152        SH:  0    Dex: 14    Spells: 6/12 levels left

rFire    . . .     SeeInvis .   a - +1 short sword (drain)
rCold    . . .     Gourm    .   (no shield)
rNeg     . . .     Faith    .   m - +0 robe
rPois    .         Spirit   .   b - +1 hat
rElec    .         Reflect  .   (no cloak)
rCorr    .         Harm     .   o - +0 pair of gloves
MR       .....                  (no boots)
Stlth    +++.......             (no amulet)
HPRegen  0.11/turn              (no ring)
MPRegen  0.12/turn              (no ring)

@: no status effects
A: thin skeletal structure 1
a: Renounce Religion


You were on level 4 of the Dungeon.
You worshipped Vehumet.
Vehumet was noncommittal.
You were hungry.

You visited 1 branch of the dungeon, and saw 4 of its levels.

You collected 152 gold pieces.

Inventory:

Hand Weapons
 a - a +1 short sword of draining (weapon)
 k - a +2 whip of electrocution
Missiles
 f - 7 poisoned darts (quivered)
 h - 51 sling bullets
 i - 6 boomerangs
 l - 34 bolts
 p - 62 arrows
Armour
 b - a +1 hat (worn)
 m - a +0 robe (worn)
 o - a +0 pair of gloves (worn)
Jewellery
 r - an uncursed ring of flight {unknown}
Potions
 e - a potion of lignification {unknown}
 g - 3 potions of curing
 j - a potion of stabbing {unknown}
 n - a potion of magic {unknown}
 q - a potion of brilliance {unknown}
Comestibles
 d - 4 rations


   Skills:
 - Level 2.4 Dodging
 - Level 2.4 Stealth
 * Level 4.1 Spellcasting
 * Level 3.1 Conjurations
   Level 1.0 Summonings
 - Level 0.8 Translocations
 * Level 1.4 Poison Magic


You had 6 spell levels left.
You knew the following spells:

 Your Spells              Type           Power        Failure   Level  Hunger
a - Magic Dart            Conj           ###.         3%          1    None
b - Blink                 Tloc           N/A          14%         2    #......
d - Mephitic Cloud        Conj/Pois/Air  ##......     21%         3    ###....

Your spell library contained the following spells:

 Spells                   Type           Power        Failure   Level  Hunger
 Call Imp                 Summ           #.......     13%         2    #......
 Slow                     Hex            #.......     19%         2    #......
 Conjure Flame            Conj/Fire      ##......     21%         3    ###....


Dungeon Overview and Level Annotations

Branches:
Dungeon (4/15)
 Temple: D:4-7

Altars:
Makhleb
Okawaru
Uskayaw
Vehumet
Xom


Innate Abilities, Weirdness & Mutations

You have a somewhat thin skeletal structure. (Dex +2, Stealth)


Message History

Something barely misses you.
You closely miss something.
The gnoll hits you from afar with a +0 spear.
Something completely misses you.
The gnoll hits you from afar with a +0 spear!
* * * LOW HITPOINT WARNING * * *
Casting: Magic Dart (safe; 3% risk of failure)
Confirm with . or Enter, or press ? or * to list all spells.
You blink.
The gnoll closely misses you.
Casting: Blink (safe; 14% risk of failure)
Confirm with . or Enter, or press ? or * to list all spells.
The spell is quite dangerous to cast (21% risk of failure)!
Continue anyway?
Aiming: Mephitic Cloud (quite dangerous; 21% risk of failure)
Press: ? - help, Shift-Dir - straight line, f/p - gnoll
Aim: a gnoll, wielding a +0 halberd The ball explodes into a vile cloud!
The stinking cloud engulfs the gnoll but does no damage.
You hear a shout! x2
The gnoll hits you from afar with a +0 spear.
You die...

#.....#.....#.....# ..
#.....#.....#.... ..
#.....####'###'####... ..
#...........§....# ##
#................#
#................#
#.........g......+
#................#
#........@..)....#
#........○.○.....#.
#.........g°........
#######.........°.####........#
#.........####....# .......##
#.........#.......#### .......>
#.........'....###.#.##
#...g... #.........#....#
##.#.# #.......
#.........#....# #.#.##
#.g.....


You could see 2 gnolls.

Vanquished Creatures
  An orc priest (D:3)
  Jessica (D:3)
  An iguana (D:4)
  5 adders
  3 worms
  A leopard gecko (D:3)
  2 orcs
  A ball python (D:1)
  6 giant cockroaches
  6 goblins
  10 hobgoblins
  4 kobolds
  A quokka (D:4)
  8 bats
  6 frilled lizards
  A leopard gecko skeleton (D:4)
  10 rats
67 creatures vanquished.

Notes
Turn   | Place    | Note
-------+----------+-------------------------------------------
     0 | D:1      | Chiseanne the Demonspawn Wizard began the quest for the
                  | Orb.
     0 | D:1      | Reached XP level 1. HP: 13/13 MP: 4/4
   106 | D:1      | Found a shimmering altar of Xom.
   389 | D:1      | Gained mutation: You have a somewhat thin skeletal
                  | structure. (Dex +2, Stealth) [demonic ancestry]
   389 | D:1      | Reached XP level 2. HP: 16/19 MP: 1/6
  1037 | D:1      | Learned a level 2 spell: Blink
  1306 | D:2      | Reached XP level 3. HP: 19/24 MP: 1/7
  1573 | D:2      | Found a burning altar of Makhleb.
  1604 | D:2      | Found a radiant altar of Vehumet.
  1610 | D:2      | Became a worshipper of Vehumet
  2586 | D:3      | Reached XP level 4. HP: 30/30 MP: 5/9
  2704 | D:2      | Learned a level 3 spell: Mephitic Cloud
  3290 | D:3      | Noticed Jessica
  3299 | D:3      | Killed Jessica
  3299 | D:3      | Reached XP level 5. HP: 35/35 MP: 2/10
  3392 | D:3      | Reached skill level 4 in Spellcasting
  3574 | D:3      | Reached skill level 1 in Poison Magic
  3635 | D:3      | Found an iron altar of Okawaru.
  3966 | D:4      | Noticed a +0 hand axe
  3966 | D:4      | Noticed a +0 dagger
  3970 | D:4      | Found a hide-covered altar of Uskayaw.
  4246 | D:4      | Noticed an orc warrior
  4268 | D:4      | Slain by a gnoll

Illustrated notes

Levels and vault maps discovered:
D:1:      dpeg_arrival_lava_altar, layout_rooms
D:2:      layout_basic, gammafunk_temple_overflow_pools
D:3:      layout_loops_cross, marbit_many_paths, first_ration, uniq_jessica
D:4:      layout_gridville, dancing_weapons_uskayaw, kennysheep_little_box,
          minivault_24, serial_bayou_pond_e, item_on_display_a

Skill      XL: |  1  2  3  4  5 |
---------------+----------------+-----
Conjurations   | 2 3 |  3.1
Dodging        | 2 |  2.4
Stealth        | 2 |  2.4
Spellcasting   | 4 |  4.1
Poison Magic   | 1 |  1.4
Summonings     | |  1.0
Translocations | |  0.8

Action                   |  1- 3 |  4- 6 || total
-------------------------+-------+-------++-------
Melee: Club              |    11 |       ||    11
       Short sword       |     7 |    38 ||    45
Throw: Dart              |       |     6 ||     6
 Cast: Magic Dart        |   110 |    57 ||   167
       Mephitic Cloud    |       |     4 ||     4
       Blink             |       |     1 ||     1
  Use: Scroll            |     6 |     4 ||    10
 Stab: Sleeping          |     1 |     1 ||     2
       Confused          |       |     2 ||     2
  Eat: Chunk             |     5 |     5 ||    10
Armor: Robe              |     3 |     9 ||    12
Dodge: Dodged            |    26 |    36 ||    62
